 Dungeon Sprint DCSS version 0.28-a0-1387-g3a22ab9bdc (webtiles) character file.

Game seed: 15243958755353169145

20323 mhtbhm the Warrior (level 12, -10/128 HPs)
             Began as a Green Draconian Berserker on Jan 2, 2022.
             Was the Champion of Trog.
             Mangled by a skeletal warrior (12 damage)
             ... in the Dungeon (Sprint III: "The Ten Rune Challenge").
             The game lasted 00:10:11 (4235 turns).

mhtbhm the Warrior (Green Draconian Berserker)      Turns: 4235, Time: 00:10:12

Health: -10/128    AC:  9    Str: 29    XL:     12   Next: 44%
Magic:  4/4        EV: 22    Int: 11    God:    Trog [******]
Gold:   1301       SH:  5    Dex: 19    Spells: 11/11 levels left

rFire   . . .      SeeInvis .   a - +5 double sword (antimagic)
rCold   + . .      Faith    .   A - orb {mayhem}
rNeg    . . .      Spirit   .   (armour unavailable)
rPois   +          Reflect  +   (helmet restricted)
rElec   .          Harm     .   h - +0 cloak
rCorr   +          Rampage  .   (no gloves)
Will    .....      NoTele   +   (no boots)
Stlth   ++++++....              r - amulet of reflection
HPRegen 0.31/turn               v - ring "Ynwelosa" {rC+ rCorr Str+6 Dex+6}
MPRegen 0.09/turn               (no ring)

@: on berserk cooldown, slowed, very slow
A: breathe noxious fumes, AC +8, unfitting armour, poison resistance,
cold-blooded, agile 1, clever 1
a: Breathe Noxious Fumes, Renounce Religion, Berserk, Trog's Hand, Brothers in
Arms


You were in the Dungeon.
You worshipped Trog.
Trog was exalted by your worship.
You visited 1 branch You collected 3494 gold pieces.
You spent 2193 gold pieces at shops.

Inventory:

Hand Weapons
 a - a +5 antimagic double sword (weapon)
 d - a +2 long sword of holy wrath
 C - a +3 demon blade of freezing
Missiles
 s - 7 curare-tipped darts (quivered)
 u - 4 javelins
Armour
 h - a +0 cloak (worn)
 A - an orb of mayhem (worn)
Jewellery
 r - an amulet of reflection (around neck)
 v - the ring "Ynwelosa" (left hand) {rC+ rCorr Str+6 Dex+6}
   (You bought it in a shop in the Dungeon)

   [ring of strength]

   Str:       It affects your strength (+6).
   Dex:       It affects your dexterity (+6).
   rC:        It protects you from cold.
   rCorr:     It protects you from acid and corrosion.
Wands
 p - a wand of acid (1)
 t - a wand of iceblast (10)
 y - a wand of flame (25)
Scrolls
 g - 2 scrolls of blinking
 j - a scroll of torment {unknown}
 k - 2 scrolls of enchant weapon
 m - a scroll of immolation {unknown}
 n - 2 scrolls of identify
 w - a scroll of enchant armour
Potions
 b - 3 potions of curing
 c - 2 potions of heal wounds
 e - 2 potions of magic
 f - a potion of berserk rage
 i - a potion of mutation
 l - 2 potions of flight
 o - a potion of degeneration {unknown}
 x - a potion of might
 z - a potion of resistance
Miscellaneous
 q - a box of beasts
 B - a piece from Xom's chessboard (15/15)


   Skills:
 + Level 18.7 Fighting
 + Level 18.6 Long Blades
 + Level 14.2 Dodging
 + Level 14.1 Stealth
 + Level 4.5 Shields
 + Level 2.0 Evocations


You had 11 spell levels left.
You didn't know any spells.
Your spell library was empty.

Dungeon Overview and Level Annotations

Branches:
Dungeon (1/1)

Altars:
Cheibriados
Dithmenos
Elyvilon
Fedhas
Gozag
Hepliaklqana
Kikubaaqudgha
Makhleb
Nemelex Xobeh
Okawaru
Qazlal
Ru
Sif Muna
Trog
Uskayaw
Vehumet
Wu Jian
Xom
Yredelemnul
Zin
The Shining One
Beogh
Jiyva
Lugonu

Shops:
D =::?[:!?(==[


Innate Abilities, Weirdness & Mutations

You can breathe blasts of noxious fumes.
Your lurid green scales are hard. (AC +8)
You cannot fit into any form of body armour.
Your system is resistant to poisons. (rPois)
You are cold-blooded and may be slowed by cold attacks.
You are agile. (Dex +2)
Your mind is acute. (Int +2)


Message History

You feel yourself slow down.
The skeletal warrior hits the skeletal warrior from afar with a +0 halberd!
The skeletal warrior is destroyed!
Trog accepts your kill.
Unknown command.
The skeletal warrior hits you with a +0 halberd!!
The skeletal warrior completely misses you.
You see here a +0 halberd.
You are too injured to fight recklessly!
You are too injured to fight recklessly!
You are too injured to fight recklessly!
You are too injured to fight recklessly!
You are too injured to fight recklessly!
You are too injured to fight recklessly!
You are too injured to fight recklessly!
You are too injured to fight recklessly!
You are too injured to fight recklessly!
You are too injured to fight recklessly!
You slice the skeletal warrior!!
The skeletal warrior is heavily damaged.
The skeletal warrior completely misses you.
You block the skeletal warrior's attack.
You hit the skeletal warrior.
The skeletal warrior is heavily damaged.
The skeletal warrior hits you with a +0 halberd!!
* * * LOW HITPOINT WARNING * * *
You barely miss the skeletal warrior.
The skeletal warrior is heavily damaged.
The skeletal warrior hits you with a +0 halberd!
* * * LOW HITPOINT WARNING * * *
The skeletal warrior misses you.
You slash the skeletal warrior!
The skeletal warrior is heavily damaged.
The skeletal warrior completely misses you.
Unknown command.
Blink to where?
Press: ? - help, Dir - move target
As you read the scroll of blinking, it crumbles to dust.
The skeletal warrior hits you from afar with a +0 halberd!
You die...

.. ..#.####......#
..#..#.#..#......#
.#.#.#)'..#......#
....)#)#..#......#
...).#)#..#......#
.#.#.'.#..#......#
..#..#.#..#......#
)....###########'#
################@#
.......)#..#
.......§z..#
........)..#
........#..#
#########..# ...#
▓▓▓▓▓


You could see a neutral skeletal warrior (fast, strong, insane).

Vanquished Creatures
  Dowan (D)
  Snorg (D)
  A yaktaur captain (D)
  A fire dragon (D)
  2 centaur warriors (D)
  4 dancing weapons (D)
  Urug (D)
  A skeletal warrior (D)
  An obsidian statue (D)
  A lindwurm (D)
  2 deep elf pyromancers (D)
  4 deep elf zephyrmancers (D)
  An ugly thing (D)
  An orc sorcerer (D)
  Duvessa (D)
  A rime drake (D)
  2 cane toads (D)
  An unseen horror (D)
  A komodo dragon (D)
  A queen bee (D)
  4 spriggan defenders (D)
  A slime creature (D)
  2 tyrant leeches (D)
  2 orc high priests (D)
  A shadow (D)
  3 redbacks (D)
  A spatial vortex (D)
  A swamp drake (D)
  3 wandering mushrooms (D)
  6 orc warriors (D)
  A necrophage (D)
  2 centaurs (D)
  An earth elemental (D)
  A water elemental (D)
  25 killer bees (D)
  A jelly (D)
  3 orc priests (D)
  A wizard (D)
  Jessica (D)
  A necromancer (D)
  3 humans (D)
  A kobold demonologist (D)
  A wolf (D)
  7 orcs (D)
  An endoplasm (D)
  2 rats (D)
  A bush (D)
106 creatures vanquished.

Vanquished Creatures (collateral kills)
  2 skeletal warriors (D)
  An orc warrior (D)
  A killer bee (D)
  An orc priest (D)
  An orc (D)
6 creatures vanquished.

Vanquished Creatures (others)
  A slime creature (D)
  6 killer bees (D)
  A bush (D)
  9 plants (D)
17 creatures vanquished.

Grand Total: 129 creatures vanquished

Notes
Turn   | Place    | Note
-------+----------+-------------------------------------------
     0 | D        | mhtbhm the Draconian Berserker began the quest for the Orb.
     0 | D        | Reached XP level 1. HP: 19/19 MP: 1/1
    11 | D        | Noticed Jessica
    18 | D        | Killed Jessica
    18 | D        | Reached ** piety under Trog
    19 | D        | Reached XP level 2. HP: 28/28 MP: 2/2
    21 | D        | Reached XP level 3. HP: 35/35 MP: 3/3
    91 | D        | Reached skill level 5 in Fighting
    91 | D        | Reached skill level 5 in Long Blades
   157 | D        | Gained mutation: Your mind is acute. (Int +2) [potion of
                  | mutation]
   157 | D        | Gained mutation: You are agile. (Dex +2) [potion of
                  | mutation]
   198 | D        | Noticed a water elemental
   206 | D        | Killed a water elemental
   206 | D        | Reached *** piety under Trog
   207 | D        | Reached skill level 5 in Dodging
   207 | D        | Reached XP level 4. HP: 45/45 MP: 4/4
   247 | D        | Found a radiant altar of Vehumet.
   247 | D        | Found a shimmering blue altar of Sif Muna.
   247 | D        | Found an ancient bone altar of Kikubaaqudgha.
   247 | D        | Noticed a wizard
   250 | D        | Noticed a smoke demon
   250 | D        | Killed a wizard
   251 | D        | Reached XP level 5. HP: 52/52 MP: 5/5
   308 | D        | Found a glowing silver altar of Zin.
   308 | D        | Found a glowing golden altar of the Shining One.
   308 | D        | Found a white marble altar of Elyvilon.
   309 | D        | Noticed a deep elf pyromancer
   314 | D        | Killed a deep elf pyromancer
   314 | D        | Reached **** piety under Trog
   315 | D        | Reached skill level 10 in Fighting
   315 | D        | Reached skill level 10 in Long Blades
   315 | D        | Reached XP level 6. HP: 57/66 MP: 6/6
   315 | D        | Your scales start taking on a lurid green colour.
   315 | D        | Reached XP level 7. HP: 63/72 MP: 7/7
   315 | D        | Gained mutation: Your system is resistant to poisons.
                  | (rPois) [Green Draconian growth]
   414 | D        | Found a basalt altar of Yredelemnul.
   414 | D        | Found a shadowy altar of Dithmenos.
   414 | D        | Found a sacrificial altar of Ru.
   679 | D        | Found a hide-covered altar of Uskayaw.
   679 | D        | Found an iron altar of Okawaru.
   679 | D        | Found a bloodstained altar of Trog.
   679 | D        | Found an ornate altar of the Wu Jian Council.
   679 | D        | Noticed a human
   679 | D        | Noticed a human
   687 | D        | Killed a human
   687 | D        | Reached ***** piety under Trog
   693 | D        | Killed a human
   694 | D        | Reached skill level 1 in Stealth
   738 | D        | Reached XP level 8. HP: 80/82 MP: 8/8
   748 | D        | Found a blossoming altar of Fedhas.
   748 | D        | Found a stormy altar of Qazlal.
   748 | D        | Found a snail-covered altar of Cheibriados.
   748 | D        | Found a burning altar of Makhleb.
   748 | D        | Found a shimmering altar of Xom.
   749 | D        | Found a hazy altar of Hepliaklqana.
   749 | D        | Found an opulent altar of Gozag.
   749 | D        | Found a sparkling altar of Nemelex Xobeh.
   749 | D        | Found a corrupted altar of Lugonu.
   749 | D        | Found a viscous altar of Jiyva.
   777 | D        | Noticed Snorg
   828 | D        | Killed Snorg
   829 | D        | Reached skill level 10 in Dodging
   919 | D        | Reached XP level 9. HP: 34/91 MP: 9/9
  1183 | D        | Noticed a centaur warrior
  1194 | D        | Received a gift from Trog
  1197 | D        | Killed a centaur warrior
  1260 | D        | Killed an unseen horror
  1261 | D        | Reached skill level 5 in Stealth
  1370 | D        | Noticed a wandering mushroom
  1374 | D        | Noticed a wandering mushroom
  1376 | D        | Noticed a wandering mushroom
  1751 | D        | Found Rilopp's Jewellery Shoppe.
  1754 | D        | Noticed an orc sorcerer
  1762 | D        | Killed an orc sorcerer
  1763 | D        | Reached skill level 15 in Long Blades
  1763 | D        | Reached XP level 10. HP: 102/102 MP: 10/10
  1764 | D        | Received a gift from Trog
  1775 | D        | Reached ****** piety under Trog
  1778 | D        | Received a gift from Trog
  1881 | D        | Bought an amulet of reflection for 330 gold pieces
  1897 | D        | Noticed a deep elf zephyrmancer
  1897 | D        | Noticed a deep elf zephyrmancer
  1897 | D        | Noticed a deep elf zephyrmancer
  1897 | D        | Noticed a deep elf zephyrmancer
  1897 | D        | Noticed a deep elf pyromancer
  1906 | D        | Killed a deep elf zephyrmancer
  1911 | D        | Killed a deep elf pyromancer
  1913 | D        | Killed a deep elf zephyrmancer
  1918 | D        | Killed a deep elf zephyrmancer
  1918 | D        | Identified the +4 quarterstaff of the Fulmar {vorpal, SInv}
                  | (Trog gifted it to you in the Dungeon)
  1918 | D        | Received a gift from Trog
  1919 | D        | Reached skill level 15 in Fighting
  1920 | D        | Killed a deep elf zephyrmancer
  1955 | D        | Noticed a deep elf annihilator
  1961 | D        | Noticed a deep elf demonologist
  2140 | D        | Identified the ring "Nynt" {MP+9 Str+3}
  2140 | D        | Noticed a deep elf high priest
  2199 | D        | Received a gift from Trog
  2242 | D        | Received a gift from Trog
  2261 | D        | Reached XP level 11. HP: 112/114 MP: 11/11
  2262 | D        | Received a gift from Trog
  2323 | D        | Noticed Dowan
  2323 | D        | Noticed Duvessa
  2331 | D        | Killed Dowan
  2332 | D        | Reached skill level 1 in Evocations
  2350 | D        | Killed Duvessa
  2350 | D        | Received a gift from Trog
  2351 | D        | Reached skill level 1 in Shields
  2408 | D        | Reached skill level 10 in Stealth
  2583 | D        | Received a gift from Trog
  2601 | D        | Noticed a lindwurm
  2607 | D        | Killed a lindwurm
  2615 | D        | Noticed Urug
  2622 | D        | Killed Urug
  2934 | D        | Noticed an obsidian statue
  2938 | D        | Noticed a sixfirhy
  2979 | D        | Noticed a soul eater
  2982 | D        | Killed an obsidian statue
  2982 | D        | Received a gift from Trog
  3320 | D        | Found Dizag's Distillery.
  3320 | D        | Found Zuitsui's Antique Armour Shoppe.
  3320 | D        | Found Hejoco's Book Boutique.
  3320 | D        | Found Reakkim's Magic Scroll Emporium.
  3320 | D        | Found Woma's Jewellery Shop.
  3320 | D        | Found Leclas's Jewellery Emporium.
  3320 | D        | Found Imyeq's Antique Weapon Boutique.
  3321 | D        | Found Tujoerghuoqa's Armour Boutique.
  3321 | D        | Found Ejisoattuff's Magic Scroll Shoppe.
  3321 | D        | Found Nofodghunt's Book Shop.
  3321 | D        | Found Uhoyrchi's Book Emporium.
  3354 | D        | Bought 2 scrolls of blinking for 210 gold pieces
  3358 | D        | Bought the ring "Ynwelosa" {rC+ rCorr Str+6 Dex+6} for 1179
                  | gold pieces
  3379 | D        | Bought a scroll of enchant weapon for 105 gold pieces
  3379 | D        | Bought a scroll of enchant armour for 105 gold pieces
  3383 | D        | Bought a potion of heal wounds for 60 gold pieces
  3383 | D        | Bought a potion of might for 48 gold pieces
  3383 | D        | Bought a potion of resistance for 120 gold pieces
  3383 | D        | Bought a potion of flight for 36 gold pieces
  3545 | D        | Noticed a fire dragon
  3555 | D        | Killed a fire dragon
  3561 | D        | Noticed a centaur warrior
  3566 | D        | Killed a centaur warrior
  3681 | D        | Noticed a +3 hand axe of electrocution
  3681 | D        | Noticed a +2 short sword of venom
  3686 | D        | Killed a +2 short sword of venom
  3686 | D        | Received a gift from Trog
  3687 | D        | Reached XP level 12. HP: 127/127 MP: 4/12
  3961 | D        | Noticed a yaktaur captain
  3991 | D        | Killed a yaktaur captain
  3991 | D        | Received a gift from Trog
  4233 | D        | HP: 1/128 [skeletal warrior (15)]
  4235 | D        | Mangled by a skeletal warrior

Illustrated notes

Levels and vault maps discovered:
D:        dungeon_sprint_mu [sprint_mu_entry_forest, sprint_mu_temple_rooms,
          sprint_mu_d1_horrors, sprint_mu_d2_genie, sprint_mu_d3_branching,
          sprint_mu_orc_legion, sprint_mu_elf_gauntlet, sprint_mu_hive_nellie,
          sprint_mu_lair_fedhas, sprint_mu_vaults_butterflies,
          sprint_mu_slime_circle, sprint_mu_swamp_cave, sprint_mu_shoals_kraken,
          sprint_mu_blade_basic, sprint_mu_crypt_lich, sprint_mu_tomb_spiral,
          sprint_mu_vestibule_basic, sprint_mu_gehenna_hellfire,
          sprint_mu_dis_giant, sprint_mu_tartarus_statrot,
          sprint_mu_cocytus_islands, sprint_mu_zot1]

Skill      XL: |  1  2  3  4  5  6  7  8  9 10 11 12 |
---------------+-------------------------------------+-----
Dodging        | 4 5 6 8 9 10 11 12 13 14 | 14.2
Fighting       | 4 6 7 10 11 12 13 15 17 18 | 18.7
Long Blades    | 4 6 10 11 13 15 16 18 | 18.6
Stealth        | 1 3 6 9 13 14 | 14.1
Evocations     | 2 |  2.0
Shields        | 3 4 |  4.5

Action                   |  1- 3 |  4- 6 |  7- 9 | 10-12 || total
-------------------------+-------+-------+-------+-------++-------
Melee: Falchion          |    27 |     8 |    37 |    97 ||   169
       Tailslap          |     4 |     3 |    15 |    46 ||    68
       Long sword        |       |       |    64 |       ||    64
       Double sword      |       |       |       |   142 ||   142
Invok: Berserk           |     3 |     2 |     6 |     9 ||    20
       Brothers in Arms  |       |       |     1 |     1 ||     2
 Abil: Breathe Noxious F |       |       |     4 |    11 ||    15
Evoke: Wand              |       |       |       |     2 ||     2
       Box of beasts     |       |       |       |     1 ||     1
  Use: Potion            |     1 |       |     1 |     1 ||     3
       Scroll            |       |       |       |     1 ||     1
 Stab: Confused          |       |       |     6 |    12 ||    18
       Distracted        |       |       |       |     1 ||     1
       Sleeping          |       |       |       |     7 ||     7
Armor: Skin              |     9 |     1 |    22 |    22 ||    54
Dodge: Dodged            |    14 |     3 |    41 |   112 ||   170
Block: Other             |       |       |       |    27 ||    27
       Orb               |       |       |       |     4 ||     4

Table legend: (Time is in decaauts)
 A = Elapsed time spent in this place.
 B = Non-inter-level travel time spent in this place.
 C = Inter-level travel time spent in this place.
 D = Time resting spent in this place.
 E = Time spent auto-exploring this place.
 F = Levels seen in this place.
 G = Mean time per level.
                   A        B        C        D        E       F      G
               +--------+--------+--------+--------+--------+-----+--------+
         Total |   4308 |   4308 |      0 |   2828 |      0 |   1 | 4308.0 |
       Dungeon |   4308 |   4308 |      0 |   2828 |      0 |   1 | 4308.0 |
               +--------+--------+--------+--------+--------+-----+--------+

Top non-repeatable levels by time:
       D: 4308 daAuts
